Map: Bel'Shir Vestige LE (Void)

Players

Fropez

  • Race: Protoss Protoss
  • League: Platinum
  • Spawn Location: 5:00

FrozenFlames - Winner!

  • Race: Zerg Zerg
  • League: Platinum
  • Spawn Location: 11:00

VOD

Have the link to the VOD?

Description

Time

  • Played on: Jan. 26, 2017, 5:32 p.m.
  • Length: 15:25
Show
View Real Time Build Order
Export as new Build Order

Fropez Protoss 

Build Orders:  

Get SALT Encoding   

  12  0:00  Probe (Chrono Boost)  
  13  0:11  Probe (Chrono Boost)  
  14  0:21  Pylon  
  14  0:22  Probe (Chrono Boost)  
  15  0:40  Probe (Chrono Boost)  
  16  0:44  Gateway  
  16  0:50  Probe (Chrono Boost)  
  17  1:01  Assimilator  
  17  1:02  Probe (Chrono Boost)  
  18  1:04  Pylon  
  18  1:13  Probe (Chrono Boost)  
  19  1:22  Pylon  
  19  1:24  Assimilator  
  19  1:26  Probe (Chrono Boost)  
  20  1:34  Cybernetics Core  
  20  1:37  Probe (Chrono Boost)  
  21  1:57  Nexus  
  21  2:01  Pylon  
  21  2:10  Assimilator  
  21  2:14  Adept  
  21  2:15  Warp Gate  
  23  2:25  Gateway  
  23  2:28  Probe (Chrono Boost)  
  24  2:41  Adept  
  26  2:49  Mothership Core (Chrono Boost)  
  28  3:06  Pylon  
  28  3:09  Probe (Chrono Boost), Gateway  
  28  3:12  Probe (Chrono Boost)  
  30  3:13  Assimilator  
  31  3:21  Probe (Chrono Boost)  
  31  3:23  Probe (Chrono Boost)  
  32  3:32  Pylon  
  32  3:33  Probe (Chrono Boost)  
  33  3:38  Twilight Council  
  33  3:39  Adept, Probe (Chrono Boost)  
  34  3:44  Adept  
  36  3:53  Probe (Chrono Boost)  
  36  3:55  Probe (Chrono Boost)  
  38  4:02  Resonating Glaives  
  38  4:05  Probe (Chrono Boost)  
  38  4:07  Probe (Chrono Boost)  
  41  4:18  Probe (Chrono Boost)  
  41  4:26  Stargate  
  41  4:27  Probe (Chrono Boost)  
  43  4:33  Probe (Chrono Boost)  
  44  4:39  Probe (Chrono Boost)  
  44  4:41  Stalker x3  
  50  4:51  Gateway  
  50  4:52  Pylon  
  51  4:53  Probe (Chrono Boost)  
  51  5:05  Probe (Chrono Boost)  
  51  5:06  Probe (Chrono Boost)  
  51  5:07  Assimilator  
  53  5:09  Oracle  
  55  5:17  Probe (Chrono Boost)  
  55  5:18  Adept x2  
  61  5:23  Pylon  
  61  5:27  Pylon  
  61  5:32  Pylon  
  61  5:44  Stalker x3  
  67  5:50  Phoenix  
  67  5:52  Probe (Chrono Boost)  
  67  5:53  Probe (Chrono Boost)  
  71  5:59  Pylon  
  71  6:06  Probe x2 (Chrono Boost)  
  71  6:08  Robotics Facility  
  71  6:09  Pylon  
  71  6:10  Adept x2  
  78  6:18  Probe (Chrono Boost)  
  78  6:26  Phoenix  
  80  6:39  Adept x3  
  86  6:40  Adept  
  88  6:55  Warp Prism  
  90  7:16  Phoenix  
  90  7:18  Stargate  
  90  7:21  Pylon  
  92  7:24  Pylon  
  92  7:26  Adept x3  
  98  7:42  Phoenix  
  98  7:47  Protoss Air Weapons Level 1  
  100  7:53  Blink  
  96  7:58  Fleet Beacon  
  96  8:01  Pylon  
  96  8:03  Pylon, Stalker  
  96  8:04  Stalker x3  
  84  8:06  Phoenix  
  84  8:07  Phoenix  
  88  8:31  Phoenix  
  85  8:47  Stalker x2  
  82  8:54  Phoenix  
  76  8:57  Phoenix  
  82  9:04  Probe x2 (Chrono Boost)  
  82  9:15  Phoenix  
  84  9:26  Nexus  
  84  9:28  Pylon  
  84  9:29  Observer  
  84  9:31  Pylon  
  85  9:36  Pylon  
  85  9:39  Adept x4  
  93  10:02  Zealot x4  
  91  10:17  Phoenix  
  91  10:20  Phoenix  
  93  10:25  Anion Pulse-Crystals  
  91  10:32  Probe x2 (Chrono Boost)  
  93  10:39  Forge  
  93  10:41  Pylon  
  93  10:42  Pylon  
  94  10:44  Probe (Chrono Boost)  
  83  11:14  Stalker x3  
  83  11:15  Stalker  
  91  11:30  Phoenix  
  91  11:32  Probe (Chrono Boost)  
  94  11:33  Phoenix, Probe x2 (Chrono Boost)  
  68  11:58  Stalker x3  
  46  12:14  Probe (Chrono Boost)  
  49  12:15  Probe x2 (Chrono Boost)  
  49  12:20  Assimilator  
  49  12:22  Assimilator  
  49  12:27  Photon Cannon  
  49  12:29  Photon Cannon  
  49  12:30  Carrier  
  49  12:31  Carrier, Probe (Chrono Boost)  
  49  12:33  Pylon, Probe x2 (Chrono Boost)  
  49  12:34  Photon Cannon  
  49  12:36  Pylon  
  66  12:53  Mothership Core (Chrono Boost)  
  66  12:57  Protoss Air Weapons Level 2  
  66  13:08  Pylon  
  73  13:35  Probe (Chrono Boost)  
  73  13:51  Void Ray  
  83  14:18  Observer  
  84  14:48  Nexus  
  84  15:12  Templar Archives  
Show
View Real Time Build Order
Export as new Build Order

FrozenFlames Zerg - Winner!

Build Orders: Hatch First 

Get SALT Encoding   

  12  0:07  Overlord  
  12  0:13  Drone  
  13  0:17  Drone  
  14  0:26  Drone  
  15  0:30  Drone  
  16  0:41  Drone  
  17  0:53  Hatchery  
  17  0:56  Drone  
  17  1:10  Spawning Pool  
  16  1:18  Drone  
  17  1:21  Drone  
  18  1:29  Overlord  
  18  1:35  Drone  
  19  1:51  Drone  
  20  1:55  Extractor  
  19  2:01  Drone  
  19  2:02  Queen  
  19  2:06  Zergling x2  
  19  2:07  Zergling x2  
  19  2:08  Queen  
  26  2:19  Drone x2  
  28  2:37  Queen, Drone x2  
  28  2:44  Queen  
  32  2:45  Drone x2  
  36  2:53  Overlord  
  36  2:59  Metabolic Boost  
  36  3:07  Overlord  
  36  3:11  Overlord  
  36  3:13  Drone  
  36  3:14  Drone x2  
  36  3:15  Drone  
  40  3:33  Pneumatized Carapace  
  40  3:35  Drone  
  40  3:37  Hatchery  
  40  3:41  Drone  
  41  3:46  Drone x4  
  45  3:54  Drone x4  
  49  4:00  Overlord  
  49  4:01  Drone  
  50  4:03  Drone  
  50  4:06  Overlord  
  50  4:09  Drone  
  52  4:12  Extractor  
  52  4:13  Extractor  
  50  4:19  Overlord, Drone  
  50  4:20  Drone x2  
  50  4:23  Lair  
  53  4:28  Extractor  
  52  4:38  Drone x7  
  55  4:41  Overlord  
  59  4:53  Overlord  
  59  4:57  Overlord  
  59  5:06  Drone x8  
  67  5:07  Queen  
  69  5:15  Spore Crawler  
  69  5:20  Evolution Chamber  
  67  5:24  Evolution Chamber, Spire  
  67  5:28  Extractor  
  64  5:29  Extractor  
  64  5:32  Roach Warren  
  64  5:34  Drone  
  64  5:35  Drone x4  
  67  5:38  Drone x4  
  71  5:46  Overseer  
  71  5:48  Overseer  
  71  5:56  Overlord  
  71  6:05  Spore Crawler  
  71  6:07  Spore Crawler  
  69  6:13  Spore Crawler  
  69  6:15  Spore Crawler  
  63  6:30  Overlord  
  63  6:43  Overlord  
  63  6:44  Mutalisk x9  
  81  6:49  Zergling x28  
  95  7:11  Mutalisk x4  
  95  7:13  Zergling x4  
  105  7:21  Overlord  
  105  7:24  Overlord  
  105  7:26  Mutalisk x2, Hatchery  
  108  7:31  Overlord  
  108  7:45  Overlord x2  
  108  7:53  Mutalisk x2  
  108  7:54  Mutalisk x3  
  116  8:00  Zergling x6  
  116  8:01  Zergling x2  
  112  8:11  Drone x6  
  118  8:24  Corruptor  
  118  8:25  Overlord  
  118  8:26  Corruptor, Spore Crawler  
  99  8:57  Mutalisk  
  99  8:58  Mutalisk x7  
  115  9:09  Drone  
  116  9:10  Drone x11  
  127  9:18  Mutalisk  
  127  9:19  Mutalisk  
  127  9:21  Extractor x2  
  129  9:27  Drone  
  130  9:31  Zerg Flyer Weapons Level 1  
  130  9:36  Spire  
  129  9:38  Infestation Pit  
  129  9:40  Drone x4  
  132  9:53  Corruptor x2  
  132  9:54  Corruptor  
  138  10:03  Mutalisk x2  
  138  10:06  Zergling x2  
  148  10:07  Zergling x20  
  152  10:47  Overlord x4  
  152  10:48  Overlord x2  
  152  11:03  Corruptor x2  
  152  11:04  Corruptor x5  
  148  11:05  Corruptor x2  
  148  11:08  Corruptor  
  158  11:21  Corruptor x2  
  156  11:36  Corruptor  
  156  11:37  Corruptor  
  159  11:46  Corruptor x2  
  155  11:52  Mutalisk  
  138  12:02  Drone  
  138  12:03  Drone x9  
  138  12:16  Hive  
  138  12:18  Zerg Flyer Weapons Level 2  
  138  12:46  Extractor, Hatchery  
  138  12:48  Extractor  
  135  12:56  Queen  
  137  13:06  Mutalisk  
  137  13:07  Mutalisk x8  
  137  13:08  Mutalisk  
  157  13:21  Overlord  
  157  13:22  Overlord  
  157  13:26  Zerg Flyer Armor Level 1  
  157  13:47  Mutalisk  
  157  13:48  Mutalisk x6  
  171  13:58  Queen  
  173  14:08  Overlord x2  
  173  14:25  Mutalisk  
  173  14:26  Mutalisk x8  
  173  14:28  Mutalisk  
  193  14:31  Mutalisk  
  193  14:35  Overlord  
  193  14:36  Mutalisk  
  197  14:39  Mutalisk  
Tags
 
Add a new tag
Caveats
  • Supply blocks, unpowered buildings, or Contaminate may cause inaccurate times.
  • Supply counts are checked every 10 seconds.